 Dungeon Crawl Stone Soup version 0.28-a0-194-g42b4daccc1 (webtiles) character file.

Game seed: 11894104606197649858

452 Nattfarinn the Grave Robber (level 6, 0/49 HPs)
             Began as a Deep Dwarf Necromancer on Aug 18, 2021.
             Slain by an iguana (10 damage)
             ... on level 4 of the Dungeon.
             The game lasted 00:08:26 (4797 turns).

Nattfarinn the Grave Robber (DDNe)                  Turns: 4797, Time: 00:08:27

Health: 0/49       AC:  3    Str: 14    XL:     6   Next: 75%
Magic:  9/12       EV: 12    Int: 15    God:
Gold:   162        SH:  0    Dex: 13    Spells: 9/13 levels left

rFire   . . .      SeeInvis .   d - +1 war axe (venom)
rCold   . . .      Faith    .   (no shield)
rNeg    . . .      Spirit   .   i - +0 leather armour
rPois   .          Reflect  .   (no helmet)
rElec   .          Harm     .   (no cloak)
rCorr   .          Rampage  .   (no gloves)
Will    .....                   (no boots)
Stlth   ++........              (no amulet)
HPRegen 0.00/turn               (no ring)
MPRegen 0.13/turn               (no ring)

@: no status effects
A: damage resistance, heal wounds, sense surroundings 1, no regeneration
a: Heal Wounds


You were on level 4 of the Dungeon.
You visited 1 branch of the dungeon, and saw 4 of its levels.

You collected 162 gold pieces.

Inventory:

Hand Weapons
 b - a +0 spear
 c - a +3 flail
 d - a +1 war axe of venom (weapon)
Armour
 a - a +0 robe
 i - a +0 leather armour (worn)
Jewellery
 e - an amulet of guardian spirit
Scrolls
 f - 2 scrolls of identify
 h - a scroll of fog {unknown}
 j - a scroll of amnesia {unknown}
Potions
 g - a potion of curing


   Skills:
 - Level 2.1 Dodging
 - Level 2.4 Stealth
 * Level 4.3 Spellcasting
 - Level 7.2 Necromancy


You had 9 spell levels left.
You knew the following spells:

 Your Spells              Type           Power      Damage    Failure   Level
a - Pain                  Necr           96%        1d8       1%          1
b - Vampiric Draining     Necr           12%        2d7       3%          3

Your spell library contained the following spells:

 Spells                   Type           Power      Damage    Failure   Level
 Animate Skeleton         Necr           48%        N/A       1%          1
 Animate Dead             Necr           12%        N/A       12%         4
 Agony                    Necr           24%        N/A       32%         5


Dungeon Overview and Level Annotations

Branches:
Dungeon (4/15)
 Temple: D:4-7

Altars:
Ashenzari
Hepliaklqana


Innate Abilities, Weirdness & Mutations

You are resistant to damage.
You can heal yourself by infusing magical energy.
You passively map a small area around you.
You do not regenerate.


Message History

Magic restored.
Things that are here:
a +0 whip; an iguana corpse
h - a scroll labelled QODWUD ZOBLIL
Things that are here:
a +0 dagger; a +0 short sword; an orc corpse
Things that are here:
a +0 hand axe; a +0 chain mail of willpower You now have 120 gold pieces (gained 10).
You now have 138 gold pieces (gained 18).
Things that are here:
a +0 hand axe; a +0 chain mail of willpower
j - a scroll labelled XEIG ELUTHROMO You now have 162 gold pieces (gained 24).
Things that are here:
a +0 club; 8 atropa-tipped darts; a +0 leather armour
Found 23 stones.
Found a stone staircase leading up.
You see here 23 stones.
You see here 23 stones.
Key pressed, stopping explore.
Found a stone staircase leading down.
Found a short sword.
Things that are here:
a +0 dagger; a +0 leather armour As you open the large door, it creaks loudly!
An iguana comes into view.
The iguana hisses angrily.
An iguana is nearby!
You are too injured to fight recklessly!
Unknown command.
You are too injured to fight recklessly!
Casting: Vampiric Draining (dangerous; 3% risk of failure)
Confirm with . or Enter, or press ? or * to list all spells.
Aiming: Vampiric Draining (dangerous; 3% risk of failure)
Press: ? - help, Shift-Dir - straight line, f - iguana
Aim: an iguana You draw life force from the iguana.
You feel life coursing into your body. The iguana bites you!
You die...

#........#
#......).# ,
, #........#
*,
#.....>....#
,
#.#........#
# ########.#
, ♣♣ #.# *
♣#..#♣#.#
..≈≈..l@#
..≈≈..')#
♣#..#♣### ♣♣


You could see an iguana.

Vanquished Creatures
  An ogre (D:3)
  A phantom (D:4)
  An orc priest (D:3)
  A hound (D:4)
  An iguana (D:4)
  An orc wizard (D:3)
  7 adders
  An adder skeleton (D:4)
  5 dart slugs
  14 orcs
  4 ball pythons
  9 endoplasms
  4 giant cockroaches
  3 goblins
  15 hobgoblins
  4 jackals (D:2)
  4 quokkas
  3 bats (D:1)
  5 frilled lizards
  15 kobolds
  4 rats
103 creatures vanquished.

Notes
Turn   | Place    | Note
-------+----------+-------------------------------------------
     0 | D:1      | Nattfarinn the Deep Dwarf Necromancer began the quest for
                  | the Orb.
     0 | D:1      | Reached XP level 1. HP: 15/15 MP: 3/3
   160 | D:1      | Reached XP level 2. HP: 16/22 MP: 0/5
   495 | D:1      | Reached skill level 5 in Necromancy
   756 | D:1      | Reached XP level 3. HP: 12/28 MP: 3/6
   760 | D:1      | Learned a level 3 spell: Vampiric Draining
  2123 | D:2      | Reached XP level 4. HP: 36/36 MP: 0/7
  2587 | D:3      | Reached skill level 6 in Necromancy
  3673 | D:3      | Reached XP level 5. HP: 14/42 MP: 3/9
  4185 | D:3      | Noticed an ogre
  4193 | D:3      | Killed an ogre
  4194 | D:3      | Reached skill level 7 in Necromancy
  4194 | D:3      | Reached XP level 6. HP: 22/49 MP: 0/11
  4477 | D:4      | Found a hazy altar of Hepliaklqana.
  4478 | D:4      | Found a broken altar of Ashenzari.
  4797 | D:4      | Slain by an iguana

Illustrated notes

Levels and vault maps discovered:
D:1:      lemuel_arrival_broad_hall, layout_loops_ring, st_stairs_7,
          hangedman_abyss_or_decor_stabs
D:2:      layout_basic
D:3:      minmay_octagon_keep, layout_basic, grunt_ministairs_12
D:4:      layout_rooms, gammafunk_temple_overflow_pools,
          kennysheep_generic_room_15

Skill      XL: |  1  2  3  4  5  6 |
---------------+-------------------+-----
Spellcasting   | 2 3 4 |  4.3
Necromancy     | 5 6 7 |  7.2
Dodging        | |  2.1
Stealth        | |  2.4

Action                   |  1- 3 |  4- 6 || total
-------------------------+-------+-------++-------
Melee: Spear             |    65 |    60 ||   125
       War axe           |       |    51 ||    51
 Cast: Pain              |    37 |       ||    37
       Vampiric Draining |    17 |    50 ||    67
 Abil: Heal Wounds       |       |     1 ||     1
  Use: Scroll            |     4 |       ||     4
       Potion            |       |     2 ||     2
 Stab: Sleeping          |     2 |       ||     2
Armor: Robe              |     4 |       ||     4
       Leather armour    |     8 |    34 ||    42
Dodge: Dodged            |    39 |    95 ||   134

Table legend: (Time is in decaauts)
 A = Elapsed time spent in this place.
 B = Non-inter-level travel time spent in this place.
 C = Inter-level travel time spent in this place.
 D = Time resting spent in this place.
 E = Time spent auto-exploring this place.
 F = Levels seen in this place.
 G = Mean time per level.
                   A        B        C        D        E       F      G
               +--------+--------+--------+--------+--------+-----+--------+
         Total |   4833 |   4711 |    122 |    157 |   3873 |   4 | 1208.2 |
       Dungeon |   4833 |   4711 |    122 |    157 |   3873 |   4 | 1208.2 |
               +--------+--------+--------+--------+--------+-----+--------+

Top non-repeatable levels by time:
     D:3: 2077 daAuts
     D:1: 1270 daAuts
     D:2: 1108 daAuts
     D:4: 376 daAuts
